 Dungeon Crawl Stone Soup version 0.29.1-2-gbd0b4ee654 (webtiles) character file.

Game seed: 8802098375709765445

1512 nshep25 the Cleaver (level 8, -1/69 HPs)
             Began as a Minotaur Fighter on Nov 8, 2022.
             Was an Initiate of Gozag.
             Slain by an ogre
             ... wielding a +0 giant spiked club
              (20 damage)
             ... on level 6 of the Dungeon.
             The game lasted 00:09:43 (5990 turns).

nshep25 the Cleaver (Minotaur Fighter)              Turns: 5990, Time: 00:09:45

Health: -1/69      AC: 12    Str: 22    XL:     8   Next: 53%
Magic:  7/7        EV:  5    Int:  5    God:    Gozag
Gold:   164        SH: 14    Dex: 11    Spells: 7/7 levels left

rFire   . . .      SeeInvis .   a - +0 war axe
rCold   . . .      Faith    .   r - +0 tower shield
rNeg    . . .      Spirit   .   q - +0 chain mail
rPois   .          Reflect  .   (helmet restricted)
rElec   .          Harm     .   u - +0 cloak
rCorr   .          Rampage  .   (no gloves)
Will    .....                   j - +0 pair of boots
Stlth   ..........              (no amulet)
HPRegen 0.21/turn               (no ring)
MPRegen 0.10/turn               (no ring)

@: no status effects
A: horns 2, retaliatory headbutt
a: Renounce Religion, Potion Petition, Call Merchant, Bribe Branch


You were on level 6 of the Dungeon.
You worshipped Gozag.
Gozag was aware of your devotion.
You visited 2 branches of the dungeon, and saw 7 of its levels.
You also visited: Ossuary.

You collected 281 gold pieces.
You spent 45 gold pieces at shops.
You paid 72 gold pieces to Gozag.

Inventory:

Hand Weapons
 a - a +0 war axe (weapon)
Missiles
 k - 10 boomerangs (quivered)
 o - 9 javelins
Armour
 b - a +0 scale mail
 c - a +0 buckler
 j - a +0 pair of boots (worn)
 q - a +0 chain mail (worn)
 r - a +0 tower shield (worn)
 u - a +0 cloak (worn)
Jewellery
 i - a ring of wizardry
 z - a ring of positive energy
 E - a ring of wizardry
 J - an amulet of magic regeneration
Wands
 p - a wand of roots (11)
 B - a wand of charming (5)
Scrolls
 e - 4 scrolls of amnesia {unknown}
 f - a scroll of magic mapping {unknown}
 g - 8 scrolls of immolation {unknown}
 h - a scroll of silence {unknown}
 l - 3 scrolls of noise {unknown}
 t - 3 scrolls of fear {unknown}
 v - 3 scrolls of butterflies {unknown}
 w - a scroll of teleportation {unknown}
 x - a scroll of summoning {unknown}
 y - 6 scrolls of identify {unknown}
 G - 2 scrolls of blinking {unknown}
 I - a scroll of enchant armour {unknown}
Potions
 d - 4 potions of might
 m - a potion of heal wounds
 n - 2 potions of lignification {unknown}
 s - 2 potions of flight {unknown}
 A - 2 potions of attraction {unknown}
 C - 3 potions of curing {unknown}
 D - a potion of resistance {unknown}
 F - a potion of haste
 H - a potion of magic {unknown}


   Skills:
 + Level 5.4 Fighting
 * Level 9.1 Axes
 + Level 5.9 Armour
 + Level 2.2 Dodging
 + Level 0.4 Stealth
 * Level 7.1 Shields


You had 7 spell levels left.
You didn't know any spells.
Your spell library contained the following spells:

 Spells                   Type           Power      Damage    Failure   Level
 Beastly Appendage        Tmut           0%         N/A       100%        1
 Wereblood                Tmut           0%         N/A       100%        2
 Spider Form              Tmut/Pois      0%         N/A       100%        3
 Summon Lightning Spire   Summ/Air       0%         N/A       100%        4
 Storm Form               Tmut/Air       0%         N/A       100%        7
 Maxwell's Capacitive Co  Air            0%         ∞         100%        8


Dungeon Overview and Level Annotations

Branches:
Dungeon (6/15)             Temple (1/1) D:5         Ossuary (visited)

Altars:
Ashenzari
Cheibriados
Dithmenos
Elyvilon
Fedhas
Gozag
Hepliaklqana
Kikubaaqudgha
Makhleb
Okawaru
Qazlal
Ru
Sif Muna
Trog
Uskayaw
Vehumet
Wu Jian
Xom
Yredelemnul
Zin
The Shining One

Shops:
D:2 [[?=[


Innate Abilities, Weirdness & Mutations

You have a pair of horns on your head.
You reflexively headbutt those who attack you in melee.


Message History

The ogre shouts!
The hound barks!
The iguana hisses angrily.
You hear a shout!
Found a puce potion and a dagger.
There is a stone staircase leading up here.
There are monsters nearby!
You block the ogre's attack.
You barely miss the ogre. You hit the ogre but do no damage.
You headbutt the ogre!
The ogre is moderately wounded.
The ogre hits you with a +0 giant spiked club.
You completely miss the ogre. Your headbutt misses the ogre.
The ogre is moderately wounded.
You block the ogre's attack.
You hit the ogre.
The ogre is moderately wounded.
You hit the hound. The hound bites you but does no damage.
The ogre hits you with a +0 giant spiked club!
You block the hound's attack. x2
You completely miss the ogre.
The ogre is moderately wounded.
You closely miss the iguana. You barely miss the hound.
An orc comes into view. It is wielding a +0 hand axe.
You block the ogre's attack. You block the iguana's attack.
The hound bites you but does no damage. The iguana bites you.
You hit the ogre.
The ogre is heavily wounded.
You hit the iguana but do no damage. You hit the hound but do no damage.
You block the hound's attack.
The ogre hits you with a +0 giant spiked club!!
* * * LOW HITPOINT WARNING * * *
The hound bites you but does no damage.
The iguana bites you but does no damage.
You hit the ogre but do no damage. You headbutt the ogre.
The ogre is severely wounded.
You barely miss the iguana. You closely miss the hound.
You block the hound's attack. x2
The iguana hisses menacingly.
The iguana bites you but does no damage.
The ogre hits you with a +0 giant spiked club!!
You die...
Your body crumbles into a pile of gold.

..#. ##.#.#
......
#....#########.
##..#...........
...)............
...!...l.O......
....o..h@..#
.......<..##
..........#
..........#
..........#
..........#
.........##
..#.....##
#####.###


You could see an ogre, an iguana, a hound and an orc.

Vanquished Creatures
  Eustachio (D:5)
  A water moccasin (D:5)
  An ice beast (D:5)
  2 ogres (D:5)
  A centaur (D:5)
  A necrophage (D:5)
  3 scorpions
  4 water moccasin zombies (Ossuary)
  3 orc priests (D:5)
  Crazy Yiuf (D:2)
  A hound (D:4)
  2 iguanas (D:5)
  2 orc wizards
  A hound skeleton (D:3)
  2 mummies (Ossuary)
  Robin (D:2)
  A gnoll (D:1)
  4 adders
  An ufetubus (D:5)
  5 adder zombies
  2 dart slugs
  21 orcs
  4 endoplasms
  2 giant cockroaches (D:1)
  13 goblins
  11 hobgoblins
  3 jackals (D:1)
  3 kobolds
  6 quokkas
  4 ball pythons
  5 bats
  A frilled lizard (D:3)
  2 gnoll zombies (Ossuary)
  5 hobgoblin zombies (Ossuary)
  A jackal skeleton (D:3)
  2 kobold zombies (Ossuary)
  7 orc zombies (Ossuary)
  3 rats (D:2)
133 creatures vanquished.

Vanquished Creatures (others)
  3 withered plants (D:3)
3 creatures vanquished.

Grand Total: 136 creatures vanquished

Notes
Turn   | Place    | Note
-------+----------+-------------------------------------------
     0 | D:1      | nshep25 the Minotaur Fighter began the quest for the Orb.
     0 | D:1      | Reached XP level 1. HP: 19/19 MP: 0/0
   101 | D:1      | Found a faded altar of an unknown god.
   137 | D:1      | Reached XP level 2. HP: 27/27 MP: 1/1
   360 | D:1      | Reached XP level 3. HP: 33/33 MP: 2/2
   618 | D:1      | Reached skill level 3 in Axes
   672 | D:2      | Found Ymoqugg's Jewellery Emporium.
   686 | D:2      | Noticed Robin
   692 | D:2      | Killed Robin
   697 | D:2      | Reached XP level 4. HP: 34/40 MP: 3/3
   805 | D:2      | Found Qemeneit's Antique Armour Shoppe.
   805 | D:2      | Found Dech's Magic Scroll Shoppe.
   948 | D:2      | Found Huloch's Armour Shoppe.
   971 | D:2      | Bought a +0 tower shield for 45 gold pieces
  1241 | D:2      | Found a runed translucent door.
  1242 | D:2      | Noticed Crazy Yiuf
  1249 | D:2      | Killed Crazy Yiuf
  1250 | D:2      | Reached skill level 4 in Axes
  1465 | D:2      | Found Xiurump's Armour Shop.
  1706 | D:3      | Noticed a scorpion
  1712 | D:3      | Reached XP level 5. HP: 36/47 MP: 4/4
  1717 | D:3      | Reached skill level 5 in Axes
  1717 | D:3      | Reached skill level 1 in Dodging
  1717 | D:3      | HP: 2/47 [poisoned by a scorpion]
  2627 | D:4      | Reached XP level 6. HP: 51/55 MP: 5/5
  3169 | D:4      | Found a hide-covered altar of Uskayaw.
  3366 | D:5      | Entered Level 5 of the Dungeon
  3376 | D:5      | Noticed Eustachio
  3390 | D:5      | Killed Eustachio
  3391 | D:5      | Reached skill level 5 in Fighting
  3391 | D:5      | Reached skill level 6 in Axes
  3391 | D:5      | Reached skill level 5 in Shields
  3400 | D:5      | Reached XP level 7. HP: 43/61 MP: 6/6
  3537 | D:5      | Found a sand-covered staircase.
  3654 | Ossuary  | Entered an ossuary
  3679 | Ossuary  | Reached skill level 5 in Armour
  3817 | Ossuary  | Reached skill level 7 in Axes
  4239 | D:5      | Reached XP level 8. HP: 13/68 MP: 7/7
  4660 | D:5      | Reached skill level 8 in Axes
  4835 | D:5      | Found a staircase to the Ecumenical Temple.
  4844 | Temple   | Entered the Ecumenical Temple
  5278 | Temple   | Became a worshipper of Gozag Ym Sagoz the Greedy
  5330 | D:5      | Reached skill level 9 in Axes
  5990 | D:6      | Slain by an ogre

Illustrated notes

Levels and vault maps discovered:
D:1:      ebering_hopf_link, layout_basic,
          hellmonk_ecumenical_altar_inner_sanctum
D:2:      layout_basic, serial_shops, shop, nicolae_shop_waterfront, shop,
          shop_statue, nicolae_shop_trees, uniq_crazy_yiuf_cottage, uniq_robin
D:3:      layout_basic, serial_undead, serial_undead_c, serial_undead_b,
          serial_undead_a, serial_undead_d, serial_undead_b, serial_undead_c,
          roderic_nine_men_s_morris, st_stairs_12
D:4:      layout_loops_ring, lemuel_round_altar
D:5:      layout_loops_corners, minmay_temple_entry_crystal_x,
          nicolae_ossuary_entry_monument, uniq_eustachio
D:6:      cheibrodos_thug_alley, layout_rooms, mainiacjoe_overflow_boulevard
Temple:   mainiacjoe_temple_big_plus

Skill      XL: |  1  2  3  4  5  6  7  8 |
---------------+-------------------------+-----
Fighting       | 4 5 |  5.4
Armour         | 4 5 |  5.9
Shields        | 4 5 6 7 |  7.1
Axes           | 3 4 5 6 7 9 |  9.1
Dodging        | 1 2 |  2.2
Stealth        | |  0.4

Action                   |  1- 3 |  4- 6 |  7- 9 || total
-------------------------+-------+-------+-------++-------
Melee: War axe           |    48 |   137 |   138 ||   323
       Headbutt          |     5 |    23 |    32 ||    60
  Use: Potion            |       |     2 |       ||     2
Armor: Scale mail        |    36 |    70 |    27 ||   133
       Chain mail        |       |       |    43 ||    43
Dodge: Dodged            |    36 |    37 |    34 ||   107
Block: Buckler           |    16 |     7 |       ||    23
       Tower shield      |       |   102 |   124 ||   226
